 Dungeon Crawl Stone Soup version 0.31-a0-806-g0bc164a743 (webtiles) character file.

Game seed: 15618848426103723232

5442 Joey1 the Severer (level 10, -1/86 HPs)
             Began as a Minotaur Fighter on Sept 20, 2023.
             Was a Follower of the Shining One.
             Slain by a two-headed ogre
             ... wielding a +0 giant club
              (5 damage)
             ... on level 9 of the Dungeon.
             The game lasted 00:14:53 (7824 turns).

Joey1 the Severer (Minotaur Fighter)                Turns: 7824, Time: 00:14:54

Health: -1/86      AC: 11    Str: 24    XL:     10   Next: 41%
Magic:  11/11      EV:  9    Int:  5    God:    the Shining One [*.....]
Gold:   230        SH:  5    Dex: 11    Spells: 9/9 levels left

rFire   + . .        D - +5 war axe (freeze)
rCold   x . .        c - +0 buckler
rNeg    . . .        s - +0 chain mail
rPois   .            (helmet restricted)
rElec   .            m - +0 cloak
rCorr   .            (no gloves)
SInv    .            w - +0 pair of boots
Will    .....        F - amulet of regeneration Stlth
                     t - ring of flight
HPRegen 1.14/turn    l - ring of fire
MPRegen 0.12/turn

%: no passive effects
@: flying, glowing
A: horns 2, retaliatory headbutt
a: Renounce Religion, Divine Shield


You were on level 9 of the Dungeon.
You worshipped the Shining One.
The Shining One was aware of your devotion.
You visited 2 branches of the dungeon, and saw 11 of its levels.

You collected 397 gold pieces.
You spent 167 gold pieces at shops.

Inventory:

Hand Weapons
 a - a +0 war axe
 o - a +1 demon whip of draining
 D - a +5 war axe of freezing (weapon)
Missiles
 H - 4 throwing nets
Armour
 b - a +0 scale mail
 c - a +0 buckler (worn)
 h - a +0 pair of boots
 m - a +0 cloak (worn)
 s - a +0 chain mail (worn)
 w - a +0 pair of boots (worn)
Jewellery
 i - a ring of magical power
 l - a ring of fire (right hand)
 t - a ring of flight (left hand)
 y - a ring of ice
 F - an amulet of regeneration (around neck)
 G - a ring of fire
 M - an amulet of the acrobat
Wands
 B - a wand of polymorph (4)
 E - a wand of paralysis (9)
 I - a wand of mindburst (15)
Scrolls
 e - 3 scrolls of enchant weapon
 f - 2 scrolls of enchant armour
 n - 3 scrolls of revelation
 p - 3 scrolls of vulnerability
 q - 4 scrolls of teleportation
 x - a scroll of fear
 C - a scroll of poison
Potions
 d - 2 potions of might
 g - 5 potions of curing
 j - a potion of berserk rage
 k - a potion of ambrosia {unknown}
 r - 3 potions of heal wounds
 u - 2 potions of mutation
 v - a potion of degeneration {unknown}
 z - a potion of haste
 A - 3 potions of attraction {unknown}
 K - a potion of resistance {unknown}


   Skills:
 + Level 7.0 Fighting
 - Level 16.0 Axes
 - Level 3.6 Armour
 - Level 3.0 Dodging
 - Level 5.0 Shields
 + Level 3.8 Invocations


You had 9 spell levels left.
You didn't know any spells.
Your spell library contained the following spells:

 Spells                   Type           Power      Damage    Failure   Level
 Magic Dart               Conj           0%         1d3       98%         1
 Call Imp                 Summ           0%         N/A       99%         2
 Ensorcelled Hibernation  Hex/Ice        0%         N/A       99%         2
 Jinxbite                 Hex            0%         N/A       99%         2
 Searing Ray              Conj           0%         2d4       99%         2
 Mephitic Cloud           Conj/Pois/Air  0%         N/A       100%        3
 Anguish                  Hex/Necr       0%         N/A       100%        4
 Fulminant Prism          Conj/Hex       0%         3d5       100%        4


Dungeon Overview and Level Annotations

Branches:
Dungeon (10/15)            Temple (1/1) D:4
   Lair: D:8-11         Orc: D:9-12

Altars:
Ashenzari
Cheibriados
Dithmenos
Elyvilon
Fedhas
Gozag
Hepliaklqana
Kikubaaqudgha
Makhleb
Nemelex Xobeh
Okawaru
Qazlal
Sif Muna
Trog
Uskayaw
Vehumet
Wu Jian
Xom
Yredelemnul
Zin
The Shining One

Shops:
D:1 *   D:6 !

Annotations:
D:4 Edmund
Temple 2 transporters


Innate Abilities, Weirdness & Mutations

You have a pair of horns on your head.
You reflexively headbutt those who attack you in melee.


Message History

There is an open door here.
There is an escape hatch in the ceiling here.
There is an escape hatch in the floor here.
There is an open door here.
There is a stone staircase leading down here.
You fly downwards.
The cyan ugly thing gurgles horribly!
There is a stone staircase leading up here.
You fly upwards.
There is a stone staircase leading down here.
There is an open door here.
There is an open door here.
There is an open door here.
There is an open door here.
There is an open door here.
There is an open door here.
There is a stone staircase leading down here.
You fly downwards.
The centaur warrior shoots an arrow.
The arrow hits you!
The centaur warrior shoots an arrow.
The arrow hits you! You block the cyan ugly thing's attack.
The two-headed ogre hits you with a +0 giant club!
The two-headed ogre hits you with a +0 dire flail!
There is a stone staircase leading up, spattered with blood here.
The centaur warrior shoots an arrow.
The arrow hits you. The cyan ugly thing kicks you!
* * * LOW HITPOINT WARNING * * *
The cyan ugly thing shocks you!
* * * LOW HITPOINT WARNING * * *
The centaur warrior shoots an arrow.
The arrow hits you.
* * * LOW HITPOINT WARNING * * *
You fly upwards.
There is a stone staircase leading down here.
As you read the scroll labelled YCVASO AVIAHO, it crumbles to dust.
It is a scroll of amnesia.
You feel forgetful for a moment.
The cyan ugly thing kicks you but does no damage.
The two-headed ogre hits you with a +0 giant club!
* * * LOW HITPOINT WARNING * * *
The two-headed ogre hits you with a +0 dire flail.
You die...

#........#
###.'.......
#######'##
###.......
########..#
#.......
#........##
######## #.########
#.. ##'##########
#####'#
#...........#
#...#..
#........O..#####
#.#.#.#
#.........@.'...##
#.#.#.#
#....^....u.###..##
#.#.#.#
#...........#
##..###.#...#
#...........#
##...'.#.###
#...........#
#####...#..
#...........#
#######
##'########## ##
#......### #.
######...###
#######'


You could see a cyan ugly thing and a two-headed ogre.

Vanquished Creatures
  Erolcha (D:9)
  Harold (D:9)
  Maggie (D:9)
  A troll (D:9)
  Prince Ribbit (D:9)
  Sigmund (D:6)
  A wraith (D:9)
  A wyvern (D:9)
  A steam dragon (D:6)
  3 water moccasins
  An orc warrior (D:8)
  A sky beast (D:6)
  An ice beast (D:5)
  A black bear (D:5)
  5 centaurs
  3 ogres
  2 kobold brigands
  3 bullfrogs
  2 scorpions
  4 wights (D:7)
  3 howler monkeys
  5 hounds
  A gnoll bouda (D:8)
  5 jellies
  An orc priest (D:5)
  3 iguanas
  Natasha (thrice) (D:2)
  4 orc wizards
  3 gnolls (D:8)
  13 adders
  3 white imps
  2 ufetubi
  A dart slug (D:5)
  15 orcs
  4 ball pythons
  3 bats (D:2)
  6 endoplasms
  9 goblins
  9 hobgoblins
  9 jackals
  4 quokkas
  4 frilled lizards
  19 kobolds
  3 rats
167 creatures vanquished.

Notes
Turn   | Place    | Note
-------+----------+-------------------------------------------
     0 | D:1      | Joey1 the Minotaur Fighter began the quest for the Orb.
     0 | D:1      | Reached XP level 1. HP: 19/19 MP: 0/0
   191 | D:1      | Reached XP level 2. HP: 27/27 MP: 1/1
   515 | D:1      | Reached skill level 1 in Dodging
   579 | D:1      | Found Luxag's Assorted Antiques.
   746 | D:2      | Noticed Natasha
   754 | D:2      | Killed Natasha
   755 | D:2      | Reached skill level 3 in Axes
   755 | D:2      | Reached XP level 3. HP: 20/33 MP: 2/2
   816 | D:2      | Noticed Natasha
   823 | D:2      | Killed Natasha
   824 | D:2      | Reached XP level 4. HP: 23/41 MP: 3/3
   895 | D:2      | Noticed Natasha
   901 | D:2      | Killed Natasha
  1121 | D:2      | Reached XP level 5. HP: 38/47 MP: 4/4
  1508 | D:3      | Reached skill level 4 in Axes
  2082 | D:4      | Noticed Edmund
  2201 | D:4      | Reached skill level 5 in Shields
  2202 | D:4      | Found an iron altar of Okawaru.
  2241 | D:4      | Found a staircase to the Ecumenical Temple.
  2258 | Temple   | Found a transporter.
  2258 | Temple   | Found a transporter.
  2258 | Temple   | Found a transporter.
  2258 | Temple   | Found a transporter.
  2258 | Temple   | Entered the Ecumenical Temple
  2274 | Temple   | Became a worshipper of the Shining One
  2386 | D:4      | Reached skill level 5 in Fighting
  2386 | D:4      | Reached XP level 6. HP: 55/56 MP: 5/5
  2699 | D:4      | Found a white marble altar of Elyvilon.
  2890 | D:5      | Entered Level 5 of the Dungeon
  2901 | D:5      | Reached skill level 5 in Axes
  3048 | D:5      | Reached skill level 6 in Axes
  3119 | D:5      | Reached XP level 7. HP: 39/61 MP: 6/6
  3121 | D:5      | Reached skill level 7 in Axes
  3529 | D:5      | Reached skill level 8 in Axes
  3623 | D:5      | Reached skill level 9 in Axes
  3934 | D:5      | Found a sparkling altar of Nemelex Xobeh.
  4221 | D:5      | Found a radiant altar of Vehumet.
  4279 | D:6      | Noticed a steam dragon
  4289 | D:6      | Killed a steam dragon
  4290 | D:6      | Reached skill level 10 in Axes
  4290 | D:6      | Reached XP level 8. HP: 35/68 MP: 7/7
  4459 | D:6      | Found Iblujask's Distillery.
  4588 | D:1      | Bought a clear potion for 15 gold pieces
  4588 | D:1      | Bought a scroll labelled SESERACZUI for 17 gold pieces
  4588 | D:1      | Bought a clear potion for 15 gold pieces
  4588 | D:1      | Bought a scroll labelled SESERACZUI for 17 gold pieces
  4588 | D:1      | Bought an orange potion for 15 gold pieces
  4698 | D:6      | Bought a potion of curing for 33 gold pieces
  4698 | D:6      | Bought a potion of heal wounds for 55 gold pieces
  4809 | D:6      | Noticed Sigmund
  4821 | D:6      | Killed Sigmund
  4827 | D:6      | Reached skill level 11 in Axes
  5281 | D:7      | Reached skill level 12 in Axes
  5506 | D:7      | Reached XP level 9. HP: 58/74 MP: 8/8
  5580 | D:7      | Reached skill level 13 in Axes
  5988 | D:7      | Reached * piety under the Shining One
  6550 | D:8      | Reached skill level 14 in Axes
  7166 | D:9      | Reached skill level 15 in Axes
  7182 | D:9      | Noticed Harold
  7195 | D:9      | Killed Harold
  7196 | D:9      | Noticed a troll
  7221 | D:9      | Killed a troll
  7222 | D:9      | Reached skill level 16 in Axes
  7222 | D:9      | Reached XP level 10. HP: 78/81 MP: 9/9
  7258 | D:9      | Noticed Maggie
  7269 | D:9      | Killed Maggie
  7270 | D:9      | Reached skill level 1 in Invocations
  7436 | D:9      | Noticed Prince Ribbit
  7442 | D:9      | Killed Prince Ribbit
  7443 | D:9      | Noticed Erolcha
  7448 | D:9      | Killed Erolcha
  7694 | D:10     | Entered Level 10 of the Dungeon
  7694 | D:10     | Noticed a two-headed ogre
  7695 | D:10     | Noticed a centaur warrior
  7770 | D:10     | Noticed a cyan ugly thing
  7824 | D:9      | HP: 4/86 [two-headed ogre/+0 giant club (9)]
  7824 | D:9      | Slain by a two-headed ogre

Illustrated notes

Levels and vault maps discovered:
D:1:      dpeg_arrival_renting, layout_loops_ring, serial_shops,
          nicolae_shop_peninsula
D:2:      layout_rooms, kennysheep_generic_room_10, uniq_natasha
D:3:      layout_loops_ring
D:4:      layout_loops_ring, mainiacjoe_overflow_24_doors,
          okawaru_ov_weapons_minmay, minmay_temple_entry_wispy, uniq_edmund
D:5:      layout_basic, nemelex_dance_club_becter, general_overflow_altar,
          nicolae_concentric_dashed_squares_mild, nicolae_zen_rock_garden
D:6:      layout_basic, serial_shops, nicolae_shop_industrial_runoff,
          uniq_sigmund
D:7:      layout_rooms
D:8:      layout_loops_ring, kennysheep_generic_room_9
D:9:      layout_roguey, nicolae_overflow_hidden_temple, uniq_prince_ribbit1,
          uniq_harold, uniq_erolcha, uniq_maggie
D:10:     layout_roguey, david_lair_shrubbed, orc_david_3, enter_trove_2,
          minmay_checkerbox
Temple:   hellmonk_temple_divided_pantheon

Skill      XL: |  1  2  3  4  5  6  7  8  9 10 |
---------------+-------------------------------+-----
Dodging        | 1 2 3 |  3.0
Shields        | 4 5 |  5.0
Fighting       | 4 5 7 |  7.0
Axes           | 3 4 6 10 12 16 | 16.0
Invocations    | 3 |  3.8
Armour         | |  3.6

Action                     |  1- 3 |  4- 6 |  7- 9 | 10-12 || total
---------------------------+-------+-------+-------+-------++-------
  Melee: War axe           |    41 |   132 |   200 |    25 ||   398
         Headbutt          |     8 |    13 |    41 |     6 ||    68
    Use: Scroll            |       |       |     9 |     2 ||    11
         Potion            |       |       |     1 |     1 ||     2
 Armour: Scale mail        |    29 |    82 |       |       ||   111
         Chain mail        |       |    43 |   120 |    16 ||   179
  Dodge: Dodged            |    24 |    88 |    91 |     6 ||   209
  Block: Buckler           |    10 |    37 |    44 |     3 ||    94

Table legend: (Time is in decaauts)
 A = Elapsed time spent in this place.
 B = Non-inter-level travel time spent in this place.
 C = Inter-level travel time spent in this place.
 D = Time resting spent in this place.
 E = Time spent auto-exploring this place.
 F = Levels seen in this place.
 G = Mean time per level.
                   A        B        C        D        E       F      G
               +--------+--------+--------+--------+--------+-----+--------+
         Total |   7872 |   7146 |    726 |   1045 |   4755 |  11 |  715.6 |
       Dungeon |   7830 |   7126 |    704 |   1045 |   4755 |  10 |  783.0 |
        Temple |     41 |     19 |     22 |      0 |      0 |   1 |   41.0 |
               +--------+--------+--------+--------+--------+-----+--------+

Top non-repeatable levels by time:
     D:5: 1428 daAuts
     D:7: 976 daAuts
     D:6: 816 daAuts
     D:8: 794 daAuts
     D:2: 786 daAuts
     D:1: 774 daAuts
     D:4: 752 daAuts
     D:3: 748 daAuts
     D:9: 745 daAuts
  Temple: 41 daAuts
    D:10: 7 daAuts
